 Dungeon Crawl Stone Soup version 0.20.1-1-g8b1a95d (webtiles) character file.

359289 equalderp2856 the Severer (level 21, -2/194 HPs)
             Began as a Minotaur Fighter on Oct 4, 2017.
             Killed from afar by a raiju (12 damage)
             ... with a living lightning
             ... on level 4 of the Abyss.
             The game lasted 03:50:57 (79659 turns).

equalderp2856 the Severer (Minotaur Fighter)       Turns: 79659, Time: 03:50:58

Health: -2/194     AC: 29    Str: 18    XL:     21   Next: 45%
Magic:  0/34       EV:  9    Int: 17    God:
Gold:   2749       SH:  0    Dex: 14    Spells: 28/40 levels left

rFire    + . .     SeeInvis .   k - +6 broad axe (chop)
rCold    + . .     Gourm    .   c - +0 shield
rNeg     . . .     Faith    .   T - +2 plate armour {MR+}
rPois    .         Spirit   +   (helmet restricted)
rElec    .         Reflect  .   B - +1 cloak {rC+}
rCorr    .         Harm     .   N - +2 pair of gloves
MR       ++...                  y - +1 pair of boots
Stlth    ..........             x - amulet of guardian spirit
Regen    0.5/turn               D - ring of Neintur {rF+ Str-4 Int+4 Stlth+}
MPRegen  0.3/turn               G - +3 ring of intelligence

@: confused, starving
A: retaliatory headbutt, horns 2
}: 2/15 runes: serpentine, barnacled
a: no special abilities


You were on level 4 of the Abyss.
You were starving.

You visited 7 branches of the dungeon, and saw 34 of its levels.
You visited the Abyss 5 times.
You also visited: Sewer, Ossuary and Ice Cave.

You collected 3319 gold pieces.
You spent 570 gold pieces at shops.

Inventory:

Hand Weapons
 k - a +6 broad axe of chopping (weapon)
 p - a +7 trident of piercing
 I - a +6 demon trident
Armour
 c - a +0 shield (worn)
 o - a +2 plate armour of positive energy
 y - a +1 pair of boots (worn)
 B - a +1 cloak of cold resistance (worn)
 J - a +4 plate armour
 N - a +2 pair of gloves (worn)
 R - the +0 pair of boots of Iklu {rC- rN+++ Int-4 SInv}
   (You found it on level 9 of the Dungeon)

   It affects your intelligence (-4).
   It makes you vulnerable to cold.
   It renders you almost immune to negative energy.
   It lets you see invisible.
 T - a +2 plate armour of magic resistance (worn)
 V - a +2 plate armour of fire resistance
Jewellery
 x - an amulet of guardian spirit (around neck)
 C - an uncursed ring of poison resistance
 D - the ring of Neintur (left hand) {rF+ Str-4 Int+4 Stlth+}
   (You took it off a merfolk on level 4 of the Shoals)

   [ring of protection from fire]

   It affects your strength (-4).
   It affects your intelligence (+4).
   It protects you from fire.
   It makes you more stealthy.
 G - a +3 ring of intelligence (right hand)
 L - an uncursed ring of protection from cold
 U - a +2 amulet of reflection
Wands
 a - a wand of scattershot (0/9)
 q - a wand of paralysis (10/24)
 u - a wand of digging (12/24)
 Q - a wand of clouds (0/9)
 S - a wand of enslavement (17/24)
 W - a wand of clouds (3/9)
Scrolls
 g - 11 scrolls of identify
 i - a scroll of teleportation
 j - 20 scrolls of remove curse
 r - 2 scrolls of immolation
 v - a scroll of fog
 w - 3 scrolls of recharging
 z - a scroll of silence
 K - 5 scrolls of fear
 X - 2 scrolls of magic mapping
 Z - a scroll of summoning
Potions
 b - a potion of resistance
 d - 5 potions of might
 e - a potion of ambrosia
 l - 2 potions of mutation
 s - 6 potions of flight
 E - 4 potions of haste
 M - 5 potions of agility
 Y - 9 potions of cancellation
Books
 H - a book of Geomancy

   Spells                             Type                      Level
   a - Sandblast                      Earth                        1
   b - Passwall                       Transmutation/Earth          2
   c - Stone Arrow                    Conjuration/Earth            3
   d - Petrify                        Transmutation/Earth          4
   e - Lee's Rapid Deconstruction     Earth                        5
Miscellaneous
 h - a lightning rod (4/4)
 O - 2 boxes of beasts
Comestibles
 f - 28 bread rations
 m - 15 meat rations
 t - 3 fruits


   Skills:
 + Level 18.1 Fighting
 + Level 20.2(20.4) Axes
 + Level 5.7(14.6) Polearms
 + Level 18.0 Armour
 + Level 4.5 Dodging
 + Level 4.2 Stealth
 + Level 19.9 Shields
 + Level 10.1 Spellcasting
 + Level 9.0 Charms
 + Level 6.7 Air Magic
 + Level 4.2 Evocations


You had 28 spell levels left.
You knew the following spells:

 Your Spells              Type           Power        Failure   Level  Hunger
a - Swiftness             Chrm/Air       #####...     5%          2    None
b - Stone Arrow           Conj/Erth      #.....       95%         3    None
c - Passwall              Tmut/Erth      #.........   80%         2    None
d - Lee's Rapid Deconstr  Erth           #.........   100%        5    #####..


Dungeon Overview and Level Annotations

Branches:
Dungeon (15/15)            Temple (0/1) D:4            Lair (6/6) D:11
 Shoals (4/4) Lair:4        Snake (4/4) Lair:3        Slime (0/5) Lair:6
    Orc (2/2) D:12            Elf (0/3) Orc:2        Vaults (2/5) D:13
  Crypt (0/3) Vaults:2     Depths (1/5) D:15

Altars:
Dithmenos
Fedhas
Kikubaaqudgha
Trog
Vehumet
Yredelemnul

Shops:
D:4 *   Orc:2 !*?[

Annotations:
D:5 tmwrnj's ghost, novice HOFi
D:11 exclusion: orange crystal statue


Innate Abilities, Weirdness & Mutations

You reflexively headbutt those who attack you in melee.
You have a pair of horns on your head.


Message History

The raiju bites you but does no damage.
The manticore skeleton bites you but does no damage.
The manticore skeleton closely misses you.
The manticore skeleton claws you but does no damage.
The starcursed mass engulfs you but does no damage.
The raiju bites you.
* * * LOW HITPOINT WARNING * * *
The raiju shocks you!
* * * LOW HITPOINT WARNING * * *
The raiju bursts into living lightning!
The living lightning hits the raiju.
The raiju completely resists.
The living lightning hits you!
* * * LOW HITPOINT WARNING * * *
The living lightning hits the raiju.
The raiju completely resists.
The raiju blinks! x2
Unknown command.
You're too confused to move!
The raiju barely misses you.
The raiju bursts into living lightning!
The living lightning hits you!
You die...

#. .# #.# #. #..
.. ## .. #. #.#
.# .# ## ..##
X#.#. .
.###hh#.###
#.#hZ@h.## ## #
#.....X#### . #
.
#..#...X#..##...
[ #...#ยงยง.## .
###.. # # # . ..
## .#


You could see 2 starcursed masses, 4 raiju and a manticore skeleton.

Vanquished Creatures
  2 bone dragons
  Asterion (Snake:2)
  6 tentacled starspawn
  Kirke (Shoals:2)
  13 nagarajas
  Donald (D:12)
  2 deep elf sorcerers (Vaults:2)
  10 vault wardens
  A frost giant (IceCv)
  Ilsuiw (Shoals:4)
  Louise (Snake:4)
  An orc warlord (Orc:1)
  4 ghouls
  3 stone giants
  The ghost of Asgaroth the Impaler, a journeyman TeBe of Trog (D:15)
  An entropy weaver (Vaults:1)
  4 ironheart preservers
  2 very ugly things
  A red draconian (Abyss:2)
  The ghost of Fairytaker the Grappler, a journeyman TrFi of Okawaru (Lair:3)
  2 deep elf annihilators
  A lorocyproca (Abyss:4)
  4 yaktaur captains
  12 merfolk impalers
  2 deep elf death magi (Vaults:1)
  2 fire dragons (Vaults:1)
  8 merfolk javelineers
  3 great orbs of eyes
  17 naga warriors
  Harold (Lair:4)
  12 vault guards
  2 rakshasas
  10 hydras
  Erica (Lair:1)
  13 anacondas
  7 merfolk avatars
  6 centaur warriors
  5 ogre magi
  2 alligator snapping turtles
  3 catoblepae (Lair:6)
  3 merfolk aquamancers
  23 two-headed ogres
  2 dancing weapons (Abyss:3)
  3 death knights
  10 death yaks
  Urug (D:13)
  4 satyrs
  5 tengu warriors
  10 thrashing horrors
  3 orc high priests (Orc:2)
  5 shock serpents
  A deep elf knight (Vaults:1)
  9 naga sharpshooters
  3 wretched stars
  A soul eater (Abyss:2)
  A salamander mystic (Snake:4)
  8 skeletal warriors
  A glowing orange brain (Abyss:4)
  A titan skeleton (Abyss:4)
  A spatial maelstrom (Abyss:2)
  A shadow wraith (Vaults:1)
  10 unseen horrors
  A sixfirhy (Abyss:4)
  3 starcursed masses
  2 deep elf archers (Vaults:2)
  7 harpies (Shoals:4)
  3 deep trolls (Vaults:2)
  A wolf spider zombie (D:13)
  An obsidian statue (Shoals:1)
  12 sea snakes
  7 naga ritualists
  Pikel (D:9)
  A lindwurm (Snake:4)
  3 wizards (Vaults:1)
  11 ironbrand convokers
  A phantasmal warrior (D:15)
  3 necromancers
  29 ugly things
  15 orc knights
  3 worldbinders
  10 fauns (Shoals:4)
  9 mana vipers
  A moth of wrath (Snake:1)
  2 oklob plants
  5 orc sorcerers
  15 salamanders
  5 wolf spiders
  5 deep elf magi
  17 manticores
  12 cyclopes
  17 elephants
  20 large abominations
  9 merfolk sirens
  An elephant (shapeshifter) (Vaults:1)
  A titan simulacrum (Abyss:5)
  8 water nymphs
  2 human skeletons (Vaults:2)
  28 naga magi
  2 centaur zombies (D:13)
  6 guardian serpents
  An orange demon (Abyss:4)
  4 gargoyles
  3 smoke demons
  10 vault sentinels
  39 black mambas
  Psyche (D:8)
  An apocalypse crab (Abyss:2)
  A guardian serpent (shapeshifter) (Vaults:1)
  An ice statue (IceCv)
  20 spiny frogs
  2 eyes of devastation (Snake:3)
  A torpor snail (Lair:6)
  10 komodo dragons
  3 efreet
  A kobold demonologist (D:14)
  A spiny frog (shapeshifter) (Vaults:2)
  9 yaktaurs
  2 demonic crawlers
  2 rime drakes
  A redback zombie (D:14)
  2 guardian mummies
  8 freezing wraiths
  9 ancient zymes
  16 trolls
  A tengu conjurer (D:11)
  3 meliai (D:13)
  A silent spectre (Abyss:2)
  A hornet (D:15)
  13 polar bears (IceCv)
  A queen bee (D:13)
  A wolf spider simulacrum (D:15)
  25 slime creatures
  A hippogriff (shapeshifter) (Abyss:5)
  53 merfolk
  11 raiju
  7 wind drakes
  13 blink frogs
  13 dream sheep
  Prince Ribbit (D:9)
  11 snapping turtles
  8 hippogriffs
  9 flying skulls
  2 human simulacra
  An alligator skeleton (Abyss:2)
  An ice dragon skeleton (Abyss:2)
  Sigmund (D:6)
  A redback (shapeshifter) (D:15)
  5 shadows
  7 water elementals
  A vampire (D:14)
  A spriggan (shapeshifter) (Depths:1)
  7 basilisks
  5 ynoxinuls
  A fire bat (Abyss:2)
  2 hogs
  7 wraiths
  A tarantella (shapeshifter) (Vaults:1)
  4 wyverns
  The ghost of tmwrnj the Chopper, an amateur HOFi (D:3)
  A basilisk (shapeshifter) (D:15)
  85 yaks
  A hog (shapeshifter) (Vaults:1)
  16 humans
  Grum (D:10)
  2 golden eyes (Abyss:2)
  4 chaos spawn
  A hungry ghost (D:13)
  3 neqoxecs
  8 small abominations
  4 wargs
  A spatial vortex (Abyss:2)
  68 nagas
  14 water moccasins
  2 hell hounds
  11 porcupines
  36 orc warriors
  An eye of draining (D:15)
  9 ice beasts
  3 black bears
  20 ogres
  2 sky beasts
  3 boggarts
  2 necrophages
  An eye of draining (shapeshifter) (Vaults:2)
  An ogre (shapeshifter) (Vaults:2)
  12 centaurs
  19 wolves
  7 crocodiles
  An elf zombie (Ossuary)
  8 big kobolds
  15 bullfrogs
  A gnoll sergeant (D:6)
  A wyvern skeleton (D:7)
  A wyvern zombie (D:13)
  8 scorpions
  24 wights
  28 killer bees
  2 electric eels
  2 howler monkeys (D:12)
  10 crimson imps
  A bullfrog zombie (D:11)
  5 jellies
  3 quasits
  3 centaur skeletons
  5 hounds
  28 orc wizards
  A human zombie (Ossuary)
  19 orc priests
  4 bullfrog skeletons
  Terence (D:3)
  6 iguanas
  10 worker ants
  6 mummies
  2 hound zombies
  A howler monkey zombie (D:9)
  8 gnolls
  8 adders
  3 shadow imps
  A white imp (Vaults:2)
  4 ufetubi
  3 oozes
  An adder zombie (Ossuary)
  2 adder skeletons
  6 worms
  A dart slug (D:3)
  6 leopard geckos
  108 orcs
  5 bats
  7 giant cockroaches
  8 goblins
  8 hobgoblins
  11 jackals
  2 quokkas
  5 ball pythons
  8 frilled lizards
  A goblin zombie (Ossuary)
  A hobgoblin zombie (Ossuary)
  A jackal skeleton (D:8)
  2 jackal zombies (Ossuary)
  21 kobolds
  2 kobold zombies (Ossuary)
  An orc zombie (Ossuary)
  2 quokka skeletons (D:8)
  A quokka zombie (D:10)
  16 rats
  A rat zombie (Ossuary)
  3 fungi
  A lurking horror (Abyss:3)
  40 plants
  4 starspawn tentacles
  A withered plant (D:13)
1761 creatures vanquished.

Vanquished Creatures (collateral kills)
  A polar bear (IceCv)
  2 yaks (IceCv)
3 creatures vanquished.

Vanquished Creatures (others)
  Nessos (D:13)
  A hydra (Lair:6)
  A centaur warrior (D:13)
  A naga sharpshooter (Snake:4)
  A mana viper (Snake:1)
  A cyclops (D:13)
  A merfolk siren (Shoals:3)
  3 naga magi
  A smoke demon (Abyss:5)
  A dream sheep (Shoals:3)
  5 humans (Shoals:3)
  2 large abominations
  3 nagas (Snake:4)
  An orc warrior (Orc:2)
  A boggart (Depths:1)
  2 centaurs
  A jelly (D:9)
  An orc priest (Orc:2)
  A worker ant (D:9)
  An orc (Vaults:2)
  3 bushes
  20 fungi
  A lurking horror (Abyss:5)
  81 plants
  19 starspawn tentacles
  3 withered plants (D:13)
157 creatures vanquished.

Grand Total: 1921 creatures vanquished

Notes
Turn   | Place    | Note
-------+----------+-------------------------------------------
     0 | D:1      | equalderp2856 the Minotaur Fighter began the quest for the Orb.
     0 | D:1      | Reached XP level 1. HP: 19/19 MP: 0/0
   192 | D:1      | Reached XP level 2. HP: 27/27 MP: 1/1
   567 | D:1      | Reached XP level 3. HP: 32/33 MP: 2/2
   792 | D:2      | Reached skill level 3 in Axes
   885 | D:2      | Found a faded altar of an unknown god.
   968 | D:2      | Reached XP level 4. HP: 37/40 MP: 3/3
  1375 | D:3      | Noticed Terence
  1380 | D:3      | Killed Terence
  1589 | D:3      | Reached skill level 4 in Axes
  1856 | D:3      | Reached XP level 5. HP: 34/47 MP: 4/4
  1857 | D:3      | Noticed tmwrnj's ghost (amateur HOFi)
  2440 | D:3      | Killed tmwrnj's ghost
  2440 | D:3      | Reached skill level 5 in Armour
  2440 | D:3      | Reached skill level 1 in Dodging
  2440 | D:3      | Reached skill level 5 in Shields
  2440 | D:3      | Reached XP level 6. HP: 46/53 MP: 5/5
  2769 | D:4      | Reached skill level 5 in Axes
  3036 | D:4      | Reached skill level 5 in Fighting
  3129 | D:4      | Found Rtudus's Retail Resort.
  3136 | D:4      | Found a staircase to the Ecumenical Temple.
  3481 | D:5      | Entered Level 5 of the Dungeon
  3548 | D:5      | Found a glowing drain.
  3566 | D:5      | Reached XP level 7. HP: 61/61 MP: 6/6
  3585 | Sewer    | Entered a sewer
  3610 | Sewer    | Reached skill level 6 in Axes
  3828 | Sewer    | Reached skill level 7 in Axes
  4332 | D:5      | Noticed tmwrnj's ghost (novice HOFi)
  4601 | D:6      | Reached skill level 8 in Axes
  4601 | D:6      | Reached XP level 8. HP: 70/70 MP: 7/7
  5363 | D:6      | Found a bloodstained altar of Trog.
  5380 | D:6      | Noticed Sigmund
  5398 | D:6      | Killed Sigmund
  5398 | D:6      | Reached skill level 9 in Axes
  5663 | D:7      | Reached skill level 10 in Axes
  5663 | D:7      | Reached XP level 9. HP: 58/78 MP: 8/8
  5683 | D:7      | Found a sand-covered staircase.
  5751 | Ossuary  | Entered an ossuary
  7134 | D:7      | Reached skill level 11 in Axes
  7202 | D:8      | Noticed a troll
  7390 | D:8      | Noticed Psyche
  7401 | D:8      | Killed Psyche
  8247 | D:8      | Killed a troll
  8247 | D:8      | Reached XP level 10. HP: 73/86 MP: 9/9
  8722 | D:8      | Noticed a two-headed ogre
  8768 | D:8      | Killed a two-headed ogre
  8768 | D:8      | Reached skill level 12 in Axes
  8981 | D:8      | Found a shadowy altar of Dithmenos.
  8985 | D:8      | Reached skill level 1 in Evocations
 10083 | D:9      | Noticed a three-headed hydra
 10101 | D:9      | Killed a three-headed hydra
 10101 | D:9      | Reached skill level 13 in Axes
 10101 | D:9      | Reached skill level 1 in Polearms
 10136 | D:9      | Got a pair of scorched boots
 10149 | D:9      | Identified the cursed +0 pair of boots of Iklu {rC- rN+++ Int-4 SInv} (You found it on level 9 of the Dungeon)
 10182 | D:9      | Noticed a gargoyle
 10190 | D:9      | Killed a gargoyle
 10431 | D:9      | Noticed Prince Ribbit
 10451 | D:9      | Killed Prince Ribbit
 10789 | D:9      | Noticed Pikel
 10849 | D:9      | Killed Pikel
 10849 | D:9      | Reached XP level 11. HP: 84/95 MP: 11/11
 11081 | D:10     | Entered Level 10 of the Dungeon
 11244 | D:10     | Killed an unseen horror
 11509 | D:10     | Killed an unseen horror
 11509 | D:10     | Reached skill level 10 in Shields
 11703 | D:10     | Found a blossoming altar of Fedhas.
 11878 | D:10     | Noticed Grum
 11888 | D:10     | Killed Grum
 11907 | D:10     | Reached skill level 10 in Armour
 12510 | D:11     | Noticed a two-headed ogre
 12527 | D:10     | Killed a two-headed ogre
 12527 | D:10     | Reached skill level 14 in Axes
 12527 | D:10     | Reached skill level 1 in Stealth
 12671 | D:11     | Found a staircase to the Lair.
 12675 | D:11     | Noticed an oklob plant
 12702 | D:11     | Noticed a green ugly thing
 12715 | D:11     | Killed a green ugly thing
 12777 | D:11     | Noticed a two-headed ogre
 12788 | D:11     | Killed a two-headed ogre
 12799 | D:11     | Noticed an orange crystal statue
 12999 | D:11     | Noticed a brown ugly thing
 13014 | D:11     | Killed a brown ugly thing
 13279 | D:11     | Noticed a two-headed ogre
 13289 | D:11     | Killed a two-headed ogre
 13927 | D:11     | Noticed a two-headed ogre
 13934 | D:11     | Killed a two-headed ogre
 13934 | D:11     | Reached XP level 12. HP: 92/106 MP: 12/12
 14191 | Lair:1   | Entered Level 1 of the Lair of Beasts
 14273 | Lair:1   | Noticed a six-headed hydra
 14278 | Lair:1   | Reached skill level 10 in Fighting
 14293 | Lair:1   | Noticed Erica
 15437 | Lair:2   | Reached skill level 15 in Axes
 16547 | Lair:1   | Killed a seven-headed hydra
 17537 | Lair:1   | Killed Erica
 17537 | Lair:1   | Reached XP level 13. HP: 105/116 MP: 13/13
 18447 | Lair:3   | Noticed Fairytaker's ghost (journeyman TrFi)
 18585 | Lair:3   | Killed Fairytaker's ghost
 18585 | Lair:3   | Reached skill level 16 in Axes
 19006 | Lair:3   | Found a staircase to the Snake Pit.
 19588 | Lair:2   | You fall through a shaft for 2 floors!
 20205 | Lair:4   | Noticed Harold
 20225 | Lair:4   | Killed Harold
 21129 | Lair:4   | Found a staircase to the Shoals.
 22405 | Lair:6   | Entered Level 6 of the Lair of Beasts
 22504 | Lair:6   | Found a frozen archway.
 22651 | IceCv    | Entered an ice cave
 23973 | IceCv    | Reached XP level 14. HP: 126/126 MP: 14/14
 24248 | IceCv    | Noticed a frost giant
 24293 | IceCv    | Killed a frost giant
 26050 | Lair:6   | Found a staircase to the Slime Pits.
 26692 | Lair:6   | Reached skill level 5 in Polearms
 27092 | Lair:6   | Reached skill level 17 in Axes
 29374 | D:12     | Found a staircase to the Orcish Mines.
 29468 | D:12     | Reached XP level 15. HP: 129/137 MP: 16/16
 30269 | D:13     | Found a gate to the Vaults.
 30269 | D:13     | Noticed Urug
 30568 | D:12     | Reached skill level 15 in Shields
 30766 | D:13     | Killed Urug
 30810 | D:13     | Noticed Nessos
 31035 | Orc:1    | Entered Level 1 of the Orcish Mines
 31274 | Orc:2    | Entered Level 2 of the Orcish Mines
 31274 | Orc:2    | Noticed an orc warlord
 31442 | Orc:1    | Killed an orc warlord
 31735 | Orc:2    | Found a staircase to the Elven Halls.
 31738 | Orc:2    | Noticed Donald
 32410 | D:12     | Killed Donald
 32595 | Orc:2    | Found a radiant altar of Vehumet.
 32719 | Orc:2    | Reached skill level 15 in Armour
 32794 | Orc:2    | Paralysed by an orc sorcerer for 6 turns
 33861 | Orc:2    | Found Doptyh's Distillery.
 33861 | Orc:2    | Found Wiucex's Antique Armour Shop.
 33863 | Orc:2    | Found Piny's General Store.
 33863 | Orc:2    | Found Qurghiefi's Magic Scroll Shop.
 33884 | Orc:2    | Bought a scroll of magic mapping for 49 gold pieces
 33886 | Orc:2    | Bought a scroll of identify for 28 gold pieces
 33886 | Orc:2    | Bought a scroll of identify for 28 gold pieces
 33896 | Orc:2    | Bought a pair of embroidered gloves for 150 gold pieces
 34830 | Snake:1  | Entered Level 1 of the Snake Pit
 35969 | Snake:1  | Reached skill level 18 in Axes
 36282 | Snake:1  | Reached skill level 15 in Fighting
 36792 | Snake:2  | Reached XP level 16. HP: 130/149 MP: 9/17
 37018 | Snake:2  | Noticed Asterion
 37408 | Snake:2  | Noticed an Executioner
 39715 | Snake:4  | Entered Level 4 of the Snake Pit
 43967 | Snake:4  | Reached XP level 17. HP: 157/158 MP: 6/19
 45373 | Snake:4  | Noticed Louise
 45398 | Snake:4  | Cast into level 2 of the Abyss (Louise)
 45502 | Abyss:2  | Found a corrupted altar of Lugonu.
 45646 | Abyss:2  | Found a corrupted altar of Lugonu.
 45746 | Abyss:2  | Found a corrupted altar of Lugonu.
 46022 | Abyss:2  | Reached skill level 19 in Axes
 46053 | Abyss:2  | Paralysed by an orc sorcerer for 2 turns
 46206 | Snake:4  | Escaped the Abyss
 46311 | Snake:4  | Cast into level 3 of the Abyss (Louise)
 46915 | Abyss:3  | Identified the Papyrus of Creative Displacement
 46980 | Snake:4  | Escaped the Abyss
 47002 | Snake:4  | Killed Louise
 49282 | Snake:4  | Got a serpentine rune of Zot
 49539 | Snake:2  | Killed Asterion
 50341 | Snake:3  | Reached XP level 18. HP: 160/170 MP: 20/20
 50775 | Shoals:1 | Entered Level 1 of the Shoals
 50825 | Shoals:1 | Reached skill level 1 in Spellcasting
 53037 | D:13     | Killed Nessos
 53418 | D:13     | Reached skill level 5 in Spellcasting
 55581 | Shoals:3 | Noticed Kirke
 55605 | Shoals:2 | Killed Kirke
 56504 | Shoals:3 | Identified the Catalogue of Noxious Enhancements
 57096 | Shoals:4 | Entered Level 4 of the Shoals
 57097 | Shoals:4 | Noticed Ilsuiw
 59589 | Shoals:4 | Killed Ilsuiw
 59589 | Shoals:4 | Reached XP level 19. HP: 165/177 MP: 27/30
 59907 | Shoals:4 | HP: 6/177 [merfolk javelineer/javelin (15)]
 61288 | Shoals:4 | Reached skill level 10 in Spellcasting
 61575 | Shoals:4 | Got a barnacled rune of Zot
 61960 | Lair:1   | Learned a level 2 spell: Swiftness
 62405 | Shoals:4 | Reached skill level 1 in Charms
 62435 | Shoals:4 | Reached skill level 1 in Air Magic
 62599 | Shoals:4 | Got a pitted steel ring
 62712 | Shoals:4 | Identified the ring of Neintur {rF+ Str-4 Int+4 Stlth+} (You took it off a merfolk on level 4 of the Shoals)
 62732 | Shoals:4 | Identified the +1 scale mail "Vemiyphyun" {*Drain rElec rN+ Stlth+} (You took it off a merfolk on level 4 of the Shoals)
 63616 | D:14     | Paralysed by fainting for 11 turns
 64839 | D:15     | Entered Level 15 of the Dungeon
 65315 | D:15     | Noticed Asgaroth's ghost (journeyman TeBe)
 66193 | D:15     | Found a staircase to the Depths.
 66841 | D:15     | Found a blossoming altar of Fedhas.
 68222 | D:15     | Killed Asgaroth's ghost
 68770 | Vaults:1 | Entered Level 1 of the Vaults
 69147 | Vaults:1 | Reached skill level 5 in Charms
 69272 | Vaults:1 | Learned a level 3 spell: Stone Arrow
 69275 | Vaults:1 | Learned a level 2 spell: Passwall
 69281 | Vaults:1 | Learned a level 5 spell: Lee's Rapid Deconstruction
 69870 | Vaults:1 | Cast into level 2 of the Abyss (a wizard)
 69870 | Abyss:2  | Found a corrupted altar of Lugonu.
 69877 | Abyss:2  | Reached XP level 20. HP: 184/184 MP: 33/33
 69953 | Abyss:2  | Noticed a bone dragon
 69997 | Abyss:2  | Killed a bone dragon
 70585 | Vaults:1 | Escaped the Abyss
 70952 | Vaults:1 | Reached skill level 5 in Air Magic
 73742 | Vaults:1 | Cast into level 4 of the Abyss (vault warden)
 74012 | Abyss:5  | Entered Level 5 of the Abyss
 74012 | Abyss:5  | Found a corrupted altar of Lugonu.
 74012 | Abyss:5  | Found a corrupted altar of Lugonu.
 74582 | Vaults:1 | Escaped the Abyss
 75970 | Vaults:2 | Reached XP level 21. HP: 76/192 MP: 13/34
 77315 | Vaults:2 | Reached skill level 20 in Axes
 77345 | Vaults:2 | Found a staircase to the Crypt.
 77345 | Vaults:2 | Found an ancient bone altar of Kikubaaqudgha.
 77346 | Vaults:2 | Found a basalt altar of Yredelemnul.
 78131 | Orc:2    | Bought a scroll of enchant weapon for 105 gold pieces
 78131 | Orc:2    | Bought a scroll of enchant weapon for 105 gold pieces
 78131 | Orc:2    | Bought a scroll of enchant weapon for 105 gold pieces
 78765 | Depths:1 | Entered Level 1 of the Depths
 79125 | Depths:1 | Paralysed by a great orb of eyes for 3 turns
 79207 | Depths:1 | Cast into level 4 of the Abyss (a lich)
 79658 | Abyss:4  | HP: 7/194 [raiju/living lightning (5)]
 79659 | Abyss:4  | Killed from afar by a raiju

Skill      XL: |  1  2  3  4  5  6  7  8  9 10 11 12 13 14 15 16 17 18 19 20 21 |
---------------+----------------------------------------------------------------+-----
Armour         | 4 5 6 7 9 10 11 13 14 15 16 17 18 | 18.0
Fighting       | 4 5 6 7 8 9 11 12 13 15 16 17 18 | 18.1
Shields        | 4 5 6 7 8 9 11 12 13 14 16 17 19 | 19.9
Axes           | 3 4 5 8 10 11 13 14 15 16 17 18 19 20 | 20.2
Dodging        | 1 2 3 4 |  4.5
Evocations     | 1 2 3 4 |  4.2
Polearms       | 1 2 3 4 5 |  5.7
Stealth        | 3 4 |  4.2
Spellcasting   | 8 10 | 10.1
Charms         | 6 9 |  9.0
Air Magic      | 4 6 |  6.7

Action                   |  1- 3 |  4- 6 |  7- 9 | 10-12 | 13-15 | 16-18 | 19-21 || total
-------------------------+-------+-------+-------+-------+-------+-------+-------++-------
Melee: War axe           |    79 |    47 |       |   533 |  1483 |   226 |    64 ||  2432
       Headbutt          |     9 |    20 |    72 |   182 |   453 |   654 |   595 ||  1985
       Broad axe         |       |    90 |   395 |    50 |       |  1948 |  2159 ||  4642
       Trident           |       |       |       |    32 |    59 |       |    75 ||   166
       Demon trident     |       |       |       |       |       |    24 |    18 ||    42
 Cast: Swiftness         |       |       |       |       |       |       |     3 ||     3
Evoke: Wand              |       |       |     6 |    16 |    46 |    28 |     9 ||   105
       Box of beasts     |       |       |       |       |       |     1 |       ||     1
       Lightning rod     |       |       |       |       |       |       |     4 ||     4
  Use: Scroll            |       |       |     1 |     9 |    22 |    20 |    20 ||    72
       Potion            |       |       |       |     1 |     7 |    11 |    25 ||    44
 Stab: Paralysed         |       |       |       |    14 |     4 |       |     1 ||    19
       Petrifying        |       |       |       |       |     1 |       |       ||     1
       Confused          |       |       |       |       |     2 |       |       ||     2
       Distracted        |       |       |       |       |       |       |     1 ||     1
  Eat: Chunk             |       |     6 |    16 |    25 |    45 |    25 |    25 ||   142
       Fruit             |       |     1 |     2 |     2 |    13 |     8 |    11 ||    37
       Royal jelly       |       |       |       |     1 |     2 |    20 |    10 ||    33
       Bread ration      |       |       |       |       |       |     1 |       ||     1
       Meat ration       |       |       |       |       |       |       |     2 ||     2
Armor: Scale mail        |    41 |    17 |       |       |       |       |       ||    58
       Plate armour      |       |    30 |   280 |   276 |   706 |  1035 |   957 ||  3284
Dodge: Dodged            |    23 |    23 |    66 |   122 |   353 |   560 |   490 ||  1637
Block: Shield            |    57 |    82 |   265 |   372 |  1015 |  1792 |  1520 ||  5103
       Reflection        |       |       |       |     2 |    26 |   173 |       ||   201
       Other             |       |       |       |       |     9 |       |       ||     9
